Map: Dusk Towers

Players

LiquidSnute (Snute) - Winner!

  • Race: Zerg Zerg
  • League: Grandmaster

PengWin

  • Race: Zerg Zerg

Event: DreamHack ZOWIE Open Leipzig

VOD

Have the link to the VOD?

Description

Time

  • Played on: Jan. 22, 2016, 7:24 a.m.
  • Length: 6:46

All games in this series

Show
View Real Time Build Order
Export as new Build Order

LiquidSnute Zerg - Winner!

Build Orders: Hatch First 

Get SALT Encoding   

  12  0:00  Drone  
  13  0:12  Overlord  
  13  0:16  Drone  
  14  0:30  Drone x2  
  14  0:34  Drone  
  17  0:53  Hatchery  
  17  0:54  Drone  
  17  0:57  Drone  
  18  1:07  Extractor  
  17  1:12  Spawning Pool  
  17  1:16  Drone  
  17  1:19  Drone  
  18  1:27  Drone  
  19  1:39  Overlord  
  19  1:49  Drone  
  20  1:59  Queen  
  20  2:00  Drone  
  23  2:04  Zergling x2, Queen  
  23  2:07  Metabolic Boost  
  26  2:10  Drone  
  27  2:16  Drone  
  27  2:21  Drone  
  29  2:29  Baneling Nest, Drone  
  29  2:42  Hatchery  
  28  2:44  Zergling x2  
  28  2:45  Drone  
  28  2:50  Overlord  
  30  2:52  Drone  
  30  2:56  Drone  
  32  3:00  Drone  
  32  3:04  Drone  
  34  3:08  Zergling x6  
  37  3:15  Zergling x6  
  37  3:18  Overlord  
  40  3:20  Drone  
  41  3:30  Overlord  
  41  3:33  Zergling x2  
  42  3:35  Baneling x2  
  42  3:37  Drone, Queen  
  45  3:41  Drone x2  
  45  3:42  Drone  
  48  3:58  Drone x2  
  48  3:59  Drone x4  
  48  4:01  Zergling x2  
  50  4:03  Drone  
  50  4:05  Drone  
  50  4:06  Queen  
  53  4:10  Zergling x2  
  53  4:12  Zergling x6  
  53  4:15  Zergling x2  
  57  4:21  Drone  
  57  4:22  Drone  
  59  4:25  Extractor  
  59  4:28  Drone x2, Queen  
  64  4:32  Lair  
  64  4:35  Zergling x2  
  63  4:41  Zergling x6  
  63  4:43  Overlord x2  
  66  4:51  Overlord  
  66  4:54  Baneling x2  
  66  5:01  Zergling x12  
  66  5:02  Zergling x6  
  66  5:06  Zergling x2  
  75  5:07  Zergling x6  
  75  5:09  Queen  
  75  5:10  Queen  
  78  5:19  Baneling  
  77  5:22  Zergling x6  
  77  5:26  Drone x3  
  77  5:27  Drone  
  83  5:30  Drone  
  83  5:31  Drone  
  82  5:39  Zergling x2  
  82  5:40  Zergling x8  
  82  5:42  Queen  
  85  5:45  Queen  
  85  5:46  Nydus Network, Queen  
  90  5:51  Overlord x2  
  90  5:56  Overlord  
  89  5:59  Overlord  
  88  6:06  Overlord  
  84  6:12  Zergling x18  
  88  6:20  Zergling x2  
  88  6:21  Zergling x6  
  95  6:30  Nydus Canal  
  95  6:35  Spore Crawler  
  95  6:37  Spore Crawler x2  
Show
View Real Time Build Order
Export as new Build Order

PengWin Zerg 

Build Orders: Hatch First 

Get SALT Encoding   

  12  0:00  Drone  
  13  0:13  Overlord  
  13  0:17  Drone  
  14  0:31  Drone x2  
  14  0:35  Drone  
  17  0:53  Hatchery  
  17  0:56  Drone  
  17  1:05  Drone  
  17  1:07  Extractor  
  17  1:13  Spawning Pool  
  16  1:18  Drone  
  16  1:19  Drone  
  18  1:28  Drone  
  19  1:43  Overlord  
  19  1:58  Drone  
  19  1:59  Queen  
  19  2:01  Zergling x2  
  23  2:05  Drone, Queen  
  23  2:07  Metabolic Boost  
  26  2:11  Drone  
  27  2:15  Drone  
  28  2:27  Baneling Nest  
  28  2:28  Drone x2  
  29  2:35  Queen  
  31  2:40  Drone x2  
  33  2:48  Overlord  
  33  2:52  Drone  
  34  3:02  Zergling x4  
  34  3:03  Extractor  
  35  3:09  Drone x2  
  35  3:10  Drone x3  
  40  3:15  Lair  
  40  3:16  Drone  
  40  3:17  Extractor x2  
  38  3:20  Drone  
  40  3:33  Hatchery  
  39  3:36  Baneling x2  
  39  3:37  Zergling x2  
  40  3:42  Zergling x6  
  42  3:59  Zergling x6  
  41  4:11  Drone x3  
  42  4:23  Drone x2  
  44  4:26  Spire  
  43  4:31  Drone x2, Extractor  
  43  4:32  Overlord x2  
  44  4:41  Overlord  
  43  4:46  Zergling x10  
  43  4:47  Zergling x2  
  43  4:48  Baneling  
  43  4:52  Queen  
  51  4:54  Drone  
  48  5:23  Zergling x4  
  48  5:24  Zergling x8  
  51  5:42  Mutalisk x7  
  48  5:49  Zergling x12  
  62  6:01  Overlord x2  
  59  6:09  Queen x2  
  56  6:16  Mutalisk x2  
  57  6:22  Drone  
  58  6:32  Drone  
  59  6:33  Drone x3  

Tags
 
Add a new tag
Caveats
  • Supply blocks, unpowered buildings, or Contaminate may cause inaccurate times.
  • Supply counts are checked every 10 seconds.